 Dungeon Crawl Stone Soup version 0.29-a0-25-g7f48f51 (webtiles) character file.

Game seed: 14300251018674012901

93 Illumine the Skirmisher (level 4, 0/49 HPs)
             Began as an Ogre Berserker on Jan 30, 2022.
             Was a Believer of Trog.
             Slain by a goblin (3 damage)
             ... led by Robin
             ... on level 3 of the Dungeon.
             The game lasted 00:02:51 (2144 turns).

Illumine the Skirmisher (Ogre Berserker)            Turns: 2144, Time: 00:02:52

Health: 0/49       AC:  3    Str: 23    XL:     4   Next: 61%
Magic:  4/4        EV: 10    Int:  8    God:    Trog [**....]
Gold:   49         SH:  0    Dex:  8    Spells: 3/3 levels left

rFire   . . .      SeeInvis .   a - +0 mace
rCold   . . .      Faith    .   (no shield)
rNeg    . . .      Spirit   .   b - +0 animal skin
rPois   .          Reflect  .   (helmet restricted)
rElec   .          Harm     .   (no cloak)
rCorr   .          Rampage  .   (gloves unavailable)
Will    .....                   (boots unavailable)
Stlth   +.........              (no amulet)
HPRegen 0.16/turn               (no ring)
MPRegen 0.09/turn               (no ring)

@: on berserk cooldown, slowed, very slow
A: large, unfitting armour, tough skin 1
a: Renounce Religion, Berserk, Trog's Hand


You were on level 3 of the Dungeon.
You worshipped Trog.
Trog was pleased with you.
You visited 1 branch of the dungeon, and saw 3 of its levels.

You collected 49 gold pieces.

Inventory:

Hand Weapons
 a - a +0 mace (weapon)
Missiles
 j - 72 stones
Armour
 b - a +0 animal skin (worn)
 k - a +0 kite shield
Wands
 g - a wand of iceblast (12) (quivered)
Scrolls
 c - 2 scrolls of identify {unknown}
 e - a scroll of enchant weapon {unknown}
 f - a scroll of torment {unknown}
 h - a scroll of teleportation {unknown}
 i - a scroll of enchant armour {unknown}
 l - a scroll of blinking {unknown}
Potions
 d - a potion of curing {unknown}


   Skills:
 + Level 4.5 Fighting
 * Level 3.9 Maces & Flails
 - Level 3.0 Dodging
 + Level 1.2 Evocations


You had 3 spell levels left.
You didn't know any spells.
Your spell library was empty.

Dungeon Overview and Level Annotations

Branches:
Dungeon (3/15)

Altars:

Annotations:
D:3 1 transporter


Innate Abilities, Weirdness & Mutations

You are too large for most types of armour.
You have tough skin. (AC +1)


Message History

Items here: ) [[ ††.
You thump the goblin!
You kill the goblin!
Trog accepts your kill. The goblin barely misses you.
The goblin hits you but does no damage.
You completely miss the goblin. The goblin hits you with a +0 dagger.
The goblin hits you with a +0 club. The goblin closely misses you.
You hit the goblin.
The goblin is heavily wounded.
The goblin barely misses you. The goblin hits you but does no damage.
The goblin hits you with a +0 club. The goblin hits you with a +0 dagger.
You thump the goblin!
You kill the goblin!
Trog accepts your kill. The goblin misses you.
The goblin hits you with a +0 dagger. The goblin closely misses you.
You hit the goblin.
The goblin is severely wounded.
The goblin closely misses you.
The goblin unwields a +0 club.
The goblin wields a +0 hunting sling.
The goblin shoots a stone.
The stone hits you.
You closely miss the goblin.
The goblin is severely wounded.
The goblin hits you with a +0 club. The goblin hits you with a +0 dagger.
The goblin shoots a stone.
The stone hits you. The goblin hits you with a +0 club.
* * * LOW HITPOINT WARNING * * *
The goblin closely misses you.
You barely miss the goblin.
The goblin is severely wounded.
The goblin shoots a stone.
The stone barely misses you. The goblin barely misses you.
The goblin hits you with a +0 dagger.
* * * LOW HITPOINT WARNING * * *
The goblin shoots a stone.
The stone hits you.
* * * LOW HITPOINT WARNING * * *
The goblin hits you with a +0 dagger.
* * * LOW HITPOINT WARNING * * *
The goblin hits you with a +0 club.
You die...

.......[...#..#8...8
..#
...........#..##...##
.# ...........#..
..©.. ...........#
...........#
...........#
#########..# #..#
#@g######
#####)g......©
#/..)g........
#..).#######.. #.....
#...... #.......
#.......# #........


You could see 3 goblins.

Vanquished Creatures
  Robin (D:3)
  4 adders
  2 dart slugs (D:2)
  An orc (D:3)
  3 ball pythons (D:2)
  5 endoplasms
  3 giant cockroaches (D:2)
  9 goblins
  2 hobgoblins
  2 quokkas (D:2)
  3 bats (D:2)
  A kobold (D:2)
  2 rats
38 creatures vanquished.

Notes
Turn   | Place    | Note
-------+----------+-------------------------------------------
     0 | D:1      | Illumine the Ogre Berserker began the quest for the Orb.
     0 | D:1      | Reached XP level 1. HP: 24/24 MP: 1/1
   118 | D:1      | You fall into a shaft and drop 1 floor!
   229 | D:2      | Reached XP level 2. HP: 32/32 MP: 2/2
   417 | D:2      | Reached XP level 3. HP: 36/39 MP: 3/3
  1183 | D:2      | Reached ** piety under Trog
  1477 | D:2      | Reached XP level 4. HP: 28/49 MP: 4/4
  1637 | D:2      | Reached skill level 1 in Evocations
  2088 | D:3      | Found a transporter.
  2114 | D:3      | Noticed Robin
  2121 | D:3      | Killed Robin
  2144 | D:3      | Slain by a goblin

Illustrated notes

Levels and vault maps discovered:
D:1:      dpeg_arrival_rhombus, layout_basic,
          hellmonk_ecumenical_altar_watching_god
D:2:      minmay_recursive_quarters, layout_loops_ring, nrook_mini_vaults,
          hangedman_glass_teeth
D:3:      minmay_octagon_keep, layout_basic, gammafunk_ghost_mausoleum,
          uniq_robin, uniq_crazy_yiuf_cottage

Skill      XL: |  1  2  3  4 |
---------------+-------------+-----
Maces & Flails | 3 |  3.9
Dodging        | 3 |  3.0
Evocations     | 1 |  1.2
Fighting       | |  4.5

Action                   |  1- 3 |  4- 6 || total
-------------------------+-------+-------++-------
Melee: Mace              |    92 |    49 ||   141
Invok: Berserk           |       |     1 ||     1
Evoke: Wand              |     2 |       ||     2
Armor: Animal skin       |    26 |    29 ||    55
Dodge: Dodged            |    38 |    35 ||    73

Table legend: (Time is in decaauts)
 A = Elapsed time spent in this place.
 B = Non-inter-level travel time spent in this place.
 C = Inter-level travel time spent in this place.
 D = Time resting spent in this place.
 E = Time spent auto-exploring this place.
 F = Levels seen in this place.
 G = Mean time per level.
                   A        B        C        D        E       F      G
               +--------+--------+--------+--------+--------+-----+--------+
         Total |   2173 |   2156 |     17 |    529 |   1259 |   3 |  724.3 |
       Dungeon |   2173 |   2156 |     17 |    529 |   1259 |   3 |  724.3 |
               +--------+--------+--------+--------+--------+-----+--------+

Top non-repeatable levels by time:
     D:2: 1762 daAuts
     D:3: 291 daAuts
     D:1: 119 daAuts
